 Dungeon Crawl Stone Soup version 0.31-a0-182-gc5ef74bbde (webtiles) character file.

Game seed: 13898058844838513770

132 Demosthentine the Poker (level 4, -1/35 HPs)
             Began as a Demonspawn Gladiator on June 21, 2023.
             Slain by Grinder (5 damage)
             ... while paralysed by Grinder
             ... on level 4 of the Dungeon.
             The game lasted 00:02:07 (2443 turns).

Demosthentine the Poker (Demonspawn Gladiator)      Turns: 2443, Time: 00:02:08

Health: -1/35      AC:  5    Str: 16    XL:     4   Next: 92%
Magic:  4/4        EV:  2    Int: 10    God:
Gold:   166        SH:  0    Dex: 14    Spells: 3/3 levels left

rFire   . . .        a - +0 trident
rCold   . . .        (no shield)
rNeg    . . .        b - +0 leather armour
rPois   .            c - +0 helmet
rElec   .            h - +0 cloak
rCorr   .            (no gloves)
SInv    .            (no boots)
Will    .....        (no amulet)
Stlth   +            (no ring)
HPRegen 0.25/turn    (no ring)
MPRegen 0.09/turn

%: no passive effects
@: paralysed
A: demonic guardian 1
a: no special abilities


You were on level 4 of the Dungeon.
You visited 1 branch of the dungeon, and saw 4 of its levels.

You collected 166 gold pieces.

Inventory:

Hand Weapons
 a - a +0 trident (weapon)
Missiles
 d - 2 throwing nets (quivered)
 e - 4 javelins
Armour
 b - a +0 leather armour (worn)
 c - a +0 helmet (worn)
 h - a +0 cloak (worn)
Wands
 i - a wand of digging (6)
Scrolls
 g - a scroll of revelation {unknown}
 l - 6 scrolls of teleportation
Potions
 f - a potion of curing
 j - a potion of invisibility
 k - a potion of ambrosia
 m - 2 potions of lignification {unknown}
 n - a potion of might


   Skills:
 + Level 3.0 Fighting
 + Level 3.4 Polearms
 - Level 1.7 Throwing
 + Level 1.8 Armour
 + Level 3.4 Dodging


You had 3 spell levels left.
You didn't know any spells.
Your spell library was empty.

Dungeon Overview and Level Annotations

Branches:
Dungeon (4/15)
 Temple: D:4-7

Altars:

Annotations:
D:4 Grinder


Innate Abilities, Weirdness & Mutations

A weak demonic guardian rushes to your aid.


Message History

Unknown command.
You hit Grinder but do no damage.
Grinder is lightly wounded.
Grinder gestures at you. Pain shoots through your body!
Unknown command.
You hit Grinder.
Grinder is moderately wounded.
Grinder hits you.
Unknown command.
You closely miss Grinder.
Grinder is moderately wounded.
Grinder hits you!
Unknown command.
You are too injured to fight recklessly!
Unknown command.
You are too injured to fight recklessly!
It was a potion of curing.
You feel better. Grinder barely misses you.
You hit Grinder.
Grinder is moderately wounded.
Grinder hits you.
You writhe in agony.
You closely miss Grinder.
Grinder is moderately wounded.
Grinder hits you but does no damage.
You puncture Grinder!
Grinder is heavily wounded.
Grinder closely misses you.
You closely miss Grinder.
Grinder is heavily wounded.
Grinder gestures at you.
You suddenly lose the ability to move!
Grinder drinks a potion.
Grinder is healed!
Grinder hits you!
* * * LOW HITPOINT WARNING * * *
A demonic guardian appears!
Your ufetubus hits Grinder. x2; Grinder blinks!
Grinder hits you.
* * * LOW HITPOINT WARNING * * *
You writhe in agony.
You die...

#..##..##
#.....##
#####..#
#..##
##..#
#..#
###.##
#....#
#...@#
##.55.#
###...#
##..# #.#
.# #. ..


You could see Grinder (ally target) and a friendly ufetubus (summoned).

Vanquished Creatures
  An iguana (D:2)
  2 adders
  3 dart slugs
  11 orcs (D:3)
  8 endoplasms
  5 giant cockroaches
  4 goblins
  4 hobgoblins
  3 quokkas
  5 ball pythons
  6 bats
  5 frilled lizards
  7 kobolds
  5 rats
69 creatures vanquished.

Vanquished Creatures (collateral kills)
  A frilled lizard (D:1)
1 creature vanquished.

Grand Total: 70 creatures vanquished

Notes
Turn   | Place    | Note
-------+----------+-------------------------------------------
     0 | D:1      | Demosthentine the Demonspawn Gladiator began the quest for
                  | the Orb.
     0 | D:1      | Reached XP level 1. HP: 16/16 MP: 1/1
   111 | D:1      | Gained mutation: A weak demonic guardian rushes to your
                  | aid. [demonic ancestry]
   111 | D:1      | Reached XP level 2. HP: 22/22 MP: 2/2
   144 | D:1      | You fall into a shaft and drop 1 floor!
   900 | D:2      | Reached skill level 1 in Armour
   900 | D:2      | Reached XP level 3. HP: 8/28 MP: 3/3
  1194 | D:2      | Reached XP level 4. HP: 34/34 MP: 4/4
  2423 | D:4      | Noticed Grinder
  2424 | D:4      | Paralysed by Grinder for 3 turns
  2440 | D:4      | Paralysed by Grinder for 5 turns
  2443 | D:4      | Slain by Grinder

Illustrated notes

Levels and vault maps discovered:
D:1:      elethiomel_arrival_quiet, layout_basic, serial_glass, glass_columns_b,
          glass_columns_a, minivault_5
D:2:      layout_loops_ring
D:3:      layout_rooms
D:4:      layout_cave_pods, serial_park, serial_park_tiny_2,
          serial_park_avenue1, serial_park_square2, serial_park_square3
          [serial_park_minivault_5x5_8], kennysheep_generic_room_15,
          uniq_grinder, uniq_blork_the_orc

Skill      XL: |  1  2  3  4 |
---------------+-------------+-----
Polearms       | 3 |  3.4
Dodging        | 3 |  3.4
Armour         | 1 |  1.8
Fighting       | 3 |  3.0
Throwing       | |  1.7

Action                     |  1- 3 |  4- 6 || total
---------------------------+-------+-------++-------
  Melee: Trident           |   129 |   119 ||   248
         Punch             |       |     2 ||     2
  Throw: Throwing net      |     1 |     1 ||     2
    Use: Scroll            |     1 |     4 ||     5
         Potion            |       |     1 ||     1
   Stab: Sleeping          |     2 |     1 ||     3
         Held in net/web   |     1 |       ||     1
         Distracted        |     1 |       ||     1
 Armour: Leather armour    |    43 |    27 ||    70
  Dodge: Dodged            |    58 |    64 ||   122

Table legend: (Time is in decaauts)
 A = Elapsed time spent in this place.
 B = Non-inter-level travel time spent in this place.
 C = Inter-level travel time spent in this place.
 D = Time resting spent in this place.
 E = Time spent auto-exploring this place.
 F = Levels seen in this place.
 G = Mean time per level.
                   A        B        C        D        E       F      G
               +--------+--------+--------+--------+--------+-----+--------+
         Total |   2478 |   2411 |     67 |    103 |   1778 |   4 |  619.5 |
       Dungeon |   2478 |   2411 |     67 |    103 |   1778 |   4 |  619.5 |
               +--------+--------+--------+--------+--------+-----+--------+

Top non-repeatable levels by time:
     D:2: 916 daAuts
     D:1: 890 daAuts
     D:3: 531 daAuts
     D:4: 139 daAuts
